 Dungeon Crawl Stone Soup version 0.22-a0-618-gd6a3efe (webtiles) character file.

1312 Amnesiac the Digger (level 8, 0/52 HPs)
             Began as a Mummy Earth Elementalist on July 14, 2018.
             Slain by a centaur (3 damage)
             ... on level 6 of the Dungeon.
             The game lasted 00:09:16 (4875 turns).

Amnesiac the Digger (Mummy Earth Elementalist)      Turns: 4875, Time: 00:09:16

Health: 0/52       AC:  4    Str: 11    XL:     8   Next: 32%
Magic:  15/18      EV: 12    Int: 16    God:
Gold:   78         SH:  3    Dex: 13    Spells: 14/21 levels left

rFire    x . .     SeeInvis .   a - +1 hunting sling (velocity)
rCold    + . .     Gourm    .   (no shield)
rNeg     + + +     Faith    .   c - +0 robe
rPois    ∞         Spirit   .   f - +0 helmet
rElec    .         Reflect  +   i - +0 cloak
rCorr    .         Harm     .   (no gloves)
MR       +....                  (no boots)
Stlth    ++........             l - +3 amulet of reflection
HPRegen  0.17/turn              (no ring)
MPRegen  0.16/turn              (no ring)

@: no status effects
A: no food or potions, fire vulnerability, cold resistance 1, negative energy
resistance 3, torment resistance, unbreathing
a: no special abilities


You were on level 6 of the Dungeon.
You were not hungry.

You visited 1 branch of the dungeon, and saw 6 of its levels.

You collected 316 gold pieces.
You spent 238 gold pieces at shops.

Inventory:

Hand Weapons
 a - a +1 hunting sling of velocity (weapon)
 g - a +0 dagger
 t - a +3 short sword
Missiles
 b - 74 stones (quivered)
Armour
 c - a +0 robe (worn)
 f - a +0 helmet (worn)
 i - a +0 cloak (worn)
 o - a +0 buckler
Jewellery
 l - a +3 amulet of reflection (around neck)
Wands
 d - a wand of iceblast (10)
 p - a wand of flame (38)
Scrolls
 e - 4 scrolls of remove curse {!r}
 h - a scroll of enchant weapon {!r}
 j - 3 scrolls of identify {!r}
 k - a scroll of amnesia {!r}
 m - 3 scrolls of magic mapping {!r}
 n - 5 scrolls of teleportation {!r}
 q - 2 scrolls of enchant armour {!r}
 r - a scroll of immolation {!r}
 s - a scroll of blinking {!r}


   Skills:
 - Level 1.5 Dodging
 - Level 1.5 Stealth
 + Level 1.9 Shields
 + Level 7.1 Spellcasting
 - Level 1.0 Transmutations
 * Level 7.2 Earth Magic


You had 14 spell levels left.
You knew the following spells:

 Your Spells              Type           Power        Failure   Level  Hunger
a - Sandblast             Erth           ####..       1%          1    N/A
b - Passwall              Tmut/Erth      ###.....     3%          2    N/A
e - Petrify               Tmut/Erth      ###.....     22%         4    N/A

Your spell library contained the following spells:

 Spells                   Type           Power        Failure   Level  Hunger
 Confuse                  Hex            #.......     36%         3    N/A
 Tukima's Dance           Hex            #.......     36%         3    N/A
 Stone Arrow              Conj/Erth      ###...       9%          3    N/A
 Ensorcelled Hibernation  Hex/Ice        #.....       19%         2    N/A
 Corona                   Hex            #......      12%         1    N/A
 Lee's Rapid Deconstruct  Erth           ####......   17%         5    N/A
 Dazzling Spray           Conj/Hex       #.....       36%         3    N/A

Dungeon Overview and Level Annotations

Branches:
Dungeon (6/15)
 Temple: D:4-7

Altars:
Makhleb

Shops:
D:4 *

Annotations:
D:6 1 runed door


Innate Abilities, Weirdness & Mutations

You do not eat or drink.
Your flesh is vulnerable to fire.
You are immune to poison.
Your flesh is cold resistant. (rC+)
You are immune to negative energy. (rN+++)
You are immune to unholy pain and torment.
You can survive without breathing.


Message History

Firing (i - inventory)
b - 72 stones (quivered)
Press: ? - help, Shift-Dir - straight line, f/p - jackal
Aim: a jackal (heavily wounded)
You shoot a stone. The stone hits the jackal.
You kill the jackal!
No target in view!
b - 72 stones (gained 1)
b - 74 stones (gained 2)
b - 79 stones (gained 5)
A centaur comes into view.
You see here 18 gold pieces.
Firing (i - inventory)
b - 79 stones (quivered)
Press: ? - help, Shift-Dir - straight line, f - centaur
Aim: a centaur (resting)
You shoot a stone.
The stone hits the centaur but does no damage.
The centaur shouts!
The centaur wields a shortbow.
The centaur shoots an arrow.
The arrow hits you!
The centaur shoots an arrow.
The arrow hits you!
* * * LOW HITPOINT WARNING * * *
A centaur is nearby!
Firing (i - inventory)
b - 78 stones (quivered)
Press: ? - help, Shift-Dir - straight line, f/p - centaur
Aim: a centaur, wielding a shortbow You shoot a stone.
The stone hits the centaur but does no damage.
The centaur shoots an arrow.
The arrow hits you!
* * * LOW HITPOINT WARNING * * *
A centaur is nearby!
You are too injured to fight recklessly!
The centaur shoots an arrow.
The arrow closely misses you.
The centaur shoots an arrow.
The arrow barely misses you.
The centaur unwields an uncursed shortbow.
The centaur completely misses you.
Casting: Sandblast (safe; 1% risk of failure)
Confirm with . or Enter, or press ? or * to list all spells.
Aiming: Sandblast (safe; 1% risk of failure)
Press: ? - help, Shift-Dir - straight line, f/p - centaur
Aim: a centaur The blast of sand hits the centaur.
b - 76 stones The centaur hits you.
* * * LOW HITPOINT WARNING * * *
The centaur hits you but does no damage.
Casting: Sandblast (safe; 1% risk of failure)
Confirm with . or Enter, or press ? or * to list all spells.
Aiming: Sandblast (safe; 1% risk of failure)
Press: ? - help, Shift-Dir - straight line, f/p - centaur
Aim: a centaur The blast of sand hits the centaur.
The centaur is moderately wounded.
b - 75 stones The centaur hits you!
* * * LOW HITPOINT WARNING * * *
Casting: Sandblast (safe; 1% risk of failure)
Confirm with . or Enter, or press ? or * to list all spells.
Aiming: Sandblast (safe; 1% risk of failure)
Press: ? - help, Shift-Dir - straight line, f/p - centaur
Aim: a centaur (moderately wounded)
The blast of sand hits the centaur.
The centaur is severely wounded.
b - 74 stones The centaur hits you.
You die...

########### ####.........#####
#...............(####
#..............(....##
#..#.#######.###.#...## #..#.#
#.# #@.....# #..#.# #.# #c......#
#<.#.# #.# ##.....## #..#†#
#.#####...... #..#.#
#.....##.#### #..#.# #.###.##.#
#..#.#######.# #.##.##########
#..#.........###.............####
#................##.########.....


You could see a centaur.

Vanquished Creatures
  Menkaure (D:4)
  2 sky beasts
  A centaur (D:3)
  A phantom (D:6)
  A bullfrog (D:6)
  Blork the orc (D:4)
  A crimson imp (D:5)
  A centaur zombie (D:4)
  An orc priest (D:5)
  Crazy Yiuf (D:3)
  2 hounds (D:4)
  An orc wizard (D:5)
  Jessica (D:3)
  Ijyb (D:3)
  2 iguanas
  Natasha (thrice) (D:2)
  5 worker ants
  Robin (D:3)
  9 adders
  5 worms
  2 dart slugs (D:3)
  4 leopard geckos
  7 orcs
  3 giant cockroaches
  17 goblins
  15 hobgoblins
  7 jackals
  8 kobolds
  A quokka (D:3)
  2 ball pythons (D:3)
  7 bats
  4 frilled lizards
  7 rats
125 creatures vanquished.

Notes
Turn   | Place    | Note
-------+----------+-------------------------------------------
     0 | D:1      | Amnesiac the Mummy Earth Elementalist began the quest for the Orb.
     0 | D:1      | Reached XP level 1. HP: 13/13 MP: 4/4
   232 | D:1      | Reached XP level 2. HP: 19/19 MP: 5/5
   236 | D:1      | Learned a level 2 spell: Passwall
   899 | D:3      | Noticed Robin
  1047 | D:3      | Killed Robin
  1047 | D:3      | Reached skill level 1 in Transmutations
  1047 | D:3      | Reached XP level 3. HP: 16/24 MP: 0/7
  1150 | D:3      | Found a runed door.
  1185 | D:3      | Noticed Jessica
  1187 | D:3      | Killed Jessica
  1187 | D:3      | Reached XP level 4. HP: 17/30 MP: 7/9
  1197 | D:3      | Learned a level 4 spell: Petrify
  1317 | D:3      | Noticed Ijyb
  1353 | D:3      | Killed Ijyb
  1505 | D:3      | Reached XP level 5. HP: 16/35 MP: 9/11
  1528 | D:3      | Noticed a centaur
  1545 | D:3      | Killed a centaur
  1716 | D:3      | Noticed a sky beast
  1724 | D:3      | Killed a sky beast
  1724 | D:3      | Reached skill level 5 in Spellcasting
  1724 | D:3      | Reached skill level 5 in Earth Magic
  1724 | D:3      | Reached XP level 6. HP: 12/41 MP: 7/13
  1926 | D:3      | Noticed Crazy Yiuf
  1931 | D:3      | Killed Crazy Yiuf
  2173 | D:4      | Noticed a sky beast
  2190 | D:4      | Killed a sky beast
  2249 | D:4      | Noticed Blork the orc
  2272 | D:4      | Killed Blork the orc
  2272 | D:4      | Reached XP level 7. HP: 5/46 MP: 9/15
  2828 | D:4      | Found Doecounkiss's General Store.
  2833 | D:4      | Bought a scroll of magic mapping for 49 gold pieces
  2833 | D:4      | Bought a scroll of remove curse for 42 gold pieces
  2919 | D:4      | Noticed Menkaure
  2922 | D:4      | Killed Menkaure
  3232 | D:2      | Noticed Natasha
  3236 | D:2      | Killed Natasha
  3395 | D:2      | Noticed Natasha
  3408 | D:2      | Killed Natasha
  3631 | D:2      | Noticed Natasha
  3635 | D:2      | Killed Natasha
  3749 | D:5      | Entered Level 5 of the Dungeon
  3793 | D:5      | Reached skill level 1 in Shields
  3867 | D:5      | Found a burning altar of Makhleb.
  3880 | D:5      | Reached XP level 8. HP: 44/52 MP: 17/17
  4503 | D:4      | Bought a scroll of enchant armour for 105 gold pieces
  4503 | D:4      | Bought a scroll of teleportation for 42 gold pieces
  4649 | D:6      | Found a runed door.
  4874 | D:6      | HP: 2/52 [centaur (7)]
  4875 | D:6      | Slain by a centaur

Vault maps used:
D:1:      dpeg_arrival_signposts, minmay_box_of_dots
D:2:      dk_noncrumbling_4, uniq_natasha
D:3:      portal_sewer_entry_e, minmay_divided_ellipse, uniq_crazy_yiuf_cottage,
          uniq_jessica, uniq_robin, uniq_ijyb
D:4:      first_ration, serial_shops, nicolae_shop_stone, uniq_menkaure,
          uniq_blork_the_orc
D:5:      basic_altar
D:6:      minmay_temple_entry_statues_fountains, ebering_ghost_sewer_f,
          minmay_misc_feat_iff, kennysheep_windowed_goal

Skill      XL: |  1  2  3  4  5  6  7  8 |
---------------+-------------------------+-----
Spellcasting   | 3 4 5 6 7 |  7.1
Earth Magic    | 3 4 5 6 7 |  7.2
Transmutations | 1 |  1.0
Shields        | 1 |  1.9
Dodging        | |  1.5
Stealth        | |  1.5

Action                   |  1- 3 |  4- 6 |  7- 9 || total
-------------------------+-------+-------+-------++-------
Melee: Dagger            |    34 |       |       ||    34
 Fire: Hunting sling     |    11 |   118 |   249 ||   378
 Cast: Sandblast         |    17 |    54 |    27 ||    98
  Use: Scroll            |       |     3 |     3 ||     6
 Stab: Sleeping          |     3 |       |       ||     3
Armor: Robe              |     3 |    23 |    32 ||    58
Dodge: Dodged            |    15 |    62 |    76 ||   153
Block: Other             |       |       |    13 ||    13
       Reflection        |       |       |     1 ||     1

Table legend:
 A = Spawn XP
 B = Non-spawn XP
 C = Spawn XP percentage of total XP
 D = Spawn monster count
 E = Non-spawn monster count
 F = Spawn count percentage of total count
 G = Total turns spent on level
                    A         B        C        D         E        F      G
               +---------+---------+-------+---------+---------+-------+---------
         Total |       0 |    1875 |   0.0 |       0 |     125 |   0.0 |  4875
               +---------+---------+-------+---------+---------+-------+---------
           D:1 |       0 |      16 |   0.0 |       0 |      10 |   0.0 |   660
           D:2 |       0 |     190 |   0.0 |       0 |      32 |   0.0 |   665
           D:3 |       0 |     514 |   0.0 |       0 |      53 |   0.0 |  1353
           D:4 |       0 |     608 |   0.0 |       0 |      12 |   0.0 |  1108
           D:5 |       0 |     255 |   0.0 |       0 |      10 |   0.0 |   758
           D:6 |       0 |     292 |   0.0 |       0 |       8 |   0.0 |   331
               +---------+---------+-------+---------+---------+-------+---------
